 Dungeon Crawl Stone Soup version 0.17.0 (webtiles) character file.

9345 patrick the Bludgeoner (level 11, -11/135 HPs)
             Began as an Ogre Wizard on Nov 10, 2015.
             Was a Follower of Okawaru.
             Mangled by Snorg (17 damage)
             ... on level 10 of the Dungeon.
             The game lasted 00:37:32 (13621 turns).

patrick the Bludgeoner (Ogre Wizard)               Turns: 13621, Time: 00:37:33

Health: -11/135    AC:  7    Str: 14    XL:     11   Next: 45%
Magic:  22/25      EV:  9    Int: 20    God:    Okawaru [*.....]
Gold:   330        SH:  0    Dex:  8    Spells: 5 memorised, 6 levels left

rFire  . . .     SeeInvis .     a - +0 giant spiked club
rCold  + . .     Clarity  .     m - +0 robe
rNeg   . . .     SustAt   .     (shield currently unavailable)
rPois  +         Gourm    .     J - +1 hat
rElec  .         Spirit   .     l - +1 cloak {rPois}
rCorr  .         Warding  .     (gloves unavailable)
rMut   +         Stasis   .     (boots unavailable)
MR     ++...                    y - amulet of resist mutation
Stlth  +.........               i - ring of magical power
                                w - ring of protection from magic

@: very resistant to hostile enchantments, very unstealthy
A: unfitting armour, hooves 1, molten scales 1, cold resistance 1, robust 1,
tough skin 1
a: Heroism, Renounce Religion


You were on level 10 of the Dungeon.
You worshipped Okawaru.
Okawaru was aware of your devotion.
You were not hungry.

You visited 2 branches of the dungeon, and saw 11 of its levels.

You collected 530 gold pieces.
You spent 200 gold pieces at shops.

Inventory:

Hand Weapons
 a - a +0 giant spiked club (weapon)
 b - a +2 mace of venom
 d - a +0 blowgun
Missiles
 q - 4 curare-tipped needles
Armour
 l - a +1 cloak of poison resistance (worn)
 m - a +0 robe (worn)
 J - a +1 hat (worn)
Rods
 c - a +0 rod of shadows (12/12)
   (You found it on level 7 of the Dungeon)
Jewellery
 e - an uncursed ring of flight
 g - an uncursed ring of invisibility
 i - a ring of magical power (right hand)
 t - an uncursed amulet of resist corrosion
 w - a ring of protection from magic (left hand)
 y - an amulet of resist mutation (around neck)
 E - an uncursed ring of poison resistance
Wands
 u - a wand of heal wounds (0)
 x - a wand of magic darts (10)
 F - a wand of cold (7)
 I - a wand of digging (16)
Scrolls
 f - 8 scrolls of remove curse
 o - 2 scrolls of fog
 p - a scroll of immolation
 z - a scroll of enchant armour
Potions
 h - 4 potions of flight
 k - a potion of lignification
 n - 4 potions of mutation
 s - 3 potions of curing
 C - a potion of cancellation
Books
 v - a book of Minor Magic

   Spells                             Type                      Level
   a - Magic Dart                     Conjuration                  1
   b - Blink                          Translocation                2
   c - Call Imp                       Summoning                    2
   d - Repel Missiles                 Charms/Air                   2
   e - Slow                           Hexes                        2
   f - Conjure Flame                  Conjuration/Fire             3
   g - Mephitic Cloud                 Conjuration/Poison/Air       3
 A - a book of Conjurations

   Spells                             Type                      Level
   a - Magic Dart                     Conjuration                  1
   b - Searing Ray                    Conjuration                  2
   c - Dazzling Spray                 Conjuration/Hexes            3
   d - Fulminant Prism                Conjuration/Hexes            4
   e - Iskenderun's Mystic Blast      Conjuration                  4
   f - Iskenderun's Battlesphere      Conjuration/Charms           5
Miscellaneous
 H - a sack of spiders
Comestibles
 j - a meat ration
 r - 5 bread rations
 B - 23 fruits
 G - 4 chunks of flesh


   Skills:
 + Level 12.0 Fighting
 * Level 16.2 Maces & Flails
 - Level 1.7 Dodging
 - Level 1.5 Stealth
 - Level 3.6 Spellcasting
 - Level 0.6 Conjurations
 - Level 0.6 Summonings
 - Level 0.6 Translocations
 + Level 5.2 Evocations


You had 6 spell levels left.
You knew the following spells:

 Your Spells              Type           Power        Failure   Level  Hunger
a - Magic Dart            Conj           #...         12%         1    None
b - Call Imp              Summ           #.......     17%         2    ##.....
c - Blink                 Tloc           N/A          17%         2    ##.....
d - Mephitic Cloud        Conj/Pois/Air  #.......     38%         3    ###....
e - Conjure Flame         Conj/Fire      #.......     38%         3    ###....


Dungeon Overview and Level Annotations

Branches:
Dungeon (10/15)            Temple (1/1) D:7            Lair (0/8) D:8
    Orc: D:9-12

Altars:
Ashenzari
Cheibriados
Dithmenos
Elyvilon
Fedhas
Gozag
Kikubaaqudgha
Makhleb
Nemelex Xobeh
Okawaru
Qazlal
Ru
Sif Muna
Trog
Vehumet
Xom
Yredelemnul
Zin
The Shining One

Shops:
D:9 *

Annotations:
D:10 Snorg


Innate Abilities, Weirdness & Mutations

You are too large for most types of armour.
You have tough skin (AC +1).
You have large cloven feet.
You are partially covered in molten scales (AC +1).
Your flesh is cold resistant.
You are robust (+10% HP).


Message History

* * * LOW HITPOINT WARNING * * *
Snorg claws you!
* * * LOW HITPOINT WARNING * * *
Unknown command.
Read which item? (? for menu, Esc to quit)
Okay, then.
Unknown command.
Drink which item? (? for menu, Esc to quit)
You feel much better. Snorg bites you!
* * * LOW HITPOINT WARNING * * *
Snorg claws you but does no damage. Snorg claws you.
* * * LOW HITPOINT WARNING * * *
Casting: Mephitic Cloud
Confirm with . or Enter, or press ? or * to list all spells.
A beastly little devil appears in a puff of frigid air.
Your white imp says, "You called?"
Snorg bites you!
* * * LOW HITPOINT WARNING * * *
Snorg barely misses you. Snorg closely misses you. Snorg bites you!
You die...

########
#..5...#
#....@<#
#...T..#
#...####
#.<.
....
.....
##.. ###


You could see Snorg (berserk) and a friendly white imp.

Vanquished Creatures
  Gastronok (D:9)
  A hill giant (D:9)
  The ghost of abeheron the Covert, a novice SpEn of Nemelex Xobeh (D:7)
  Joseph (D:8)
  A troll (D:9)
  8 yaks
  A basilisk (D:8)
  2 hungry ghosts
  A hippogriff (D:8)
  An eye of draining (D:7)
  4 porcupines
  An ogre (D:5)
  2 sky beasts
  2 black bears (D:8)
  An orc warrior (D:9)
  3 phantoms
  2 centaurs
  3 crocodiles
  3 big kobolds
  9 giant frogs
  3 scorpions
  8 killer bees
  7 wights (D:9)
  A crimson imp (D:7)
  A giant frog zombie (D:5)
  An orc priest (D:4)
  3 hounds
  2 centaur skeletons
  Jessica (D:2)
  Terence (D:2)
  Natasha (thrice) (D:2)
  9 orc wizards
  4 iguanas
  9 worker ants
  A hound zombie (D:6)
  12 adders
  2 river rats
  12 gnolls
  3 shadow imps
  An ooze (D:1)
  3 adder skeletons
  3 worms
  8 giant geckos
  32 orcs
  6 giant cockroaches
  7 hobgoblins
  15 jackals
  4 quokkas
  6 bats
  9 giant newts
  5 goblins
  A jackal zombie (D:5)
  20 kobolds
  2 quokka skeletons
  A quokka zombie (D:6)
  10 rats
264 creatures vanquished.

Vanquished Creatures (collateral kills)
  The ghost of Eucla the Chopper, an amateur MiGl of Ru (D:3)
  A yak (D:8)
  2 sky beasts (D:8)
  2 killer bees (D:9)
  A jelly (D:9)
  An orc (D:9)
8 creatures vanquished.

Vanquished Creatures (others)
  2 bushes (D:8)
  6 fungi (D:8)
  12 plants (D:8)
20 creatures vanquished.

Grand Total: 292 creatures vanquished

Notes
Turn   | Place    | Note
--------------------------------------------------------------
     0 | D:1      | patrick the Ogre Wizard began the quest for the Orb.
     0 | D:1      | Reached XP level 1. HP: 16/16 MP: 5/5
    59 | D:1      | Reached skill level 1 in Fighting
   621 | D:1      | Reached skill level 1 in Maces & Flails
   621 | D:1      | Reached XP level 2. HP: 23/28 MP: 6/6
   820 | D:1      | Learned a level 2 spell: Call Imp
   823 | D:1      | Learned a level 2 spell: Blink
  1258 | D:1      | Reached XP level 3. HP: 26/36 MP: 1/8
  1322 | D:1      | Learned a level 3 spell: Mephitic Cloud
  1685 | D:2      | Noticed Jessica
  1698 | D:2      | Killed Jessica
  1715 | D:2      | Reached XP level 4. HP: 31/45 MP: 1/9
  1998 | D:2      | Noticed Natasha
  2017 | D:2      | Killed Natasha
  2017 | D:2      | Reached skill level 4 in Maces & Flails
  2023 | D:2      | Reached XP level 5. HP: 50/54 MP: 1/10
  2125 | D:2      | Found a sacrificial altar of Ru.
  2143 | D:2      | Noticed Terence
  2199 | D:2      | Killed Terence
  2223 | D:2      | Noticed Natasha
  2388 | D:2      | Killed Natasha
  2452 | D:2      | Reached skill level 5 in Maces & Flails
  2601 | D:2      | Noticed Natasha
  2616 | D:2      | Killed Natasha
  3113 | D:3      | Noticed Eucla's ghost (amateur MiGl)
  3126 | D:3      | Killed Eucla's ghost
  3126 | D:3      | Reached XP level 6. HP: 43/63 MP: 1/11
  3187 | D:3      | Found an ancient bone altar of Kikubaaqudgha.
  3506 | D:3      | Reached skill level 6 in Maces & Flails
  4081 | D:3      | Found a basalt altar of Yredelemnul.
  4084 | D:3      | Found a shattered altar of Ashenzari.
  4087 | D:3      | Found a blossoming altar of Fedhas.
  4191 | D:3      | Reached skill level 5 in Fighting
  4713 | D:4      | Learned a level 3 spell: Conjure Flame
  4779 | D:4      | Reached skill level 7 in Maces & Flails
  4798 | D:4      | Reached XP level 7. HP: 31/72 MP: 2/12
  5032 | D:4      | Gained mutation: You are partially covered in molten scales (AC +1). [potion of mutation]
  5032 | D:4      | Gained mutation: You are robust (+10% HP). [potion of mutation]
  5032 | D:4      | Gained mutation: You have large cloven feet. [potion of mutation]
  5233 | D:4      | Found a bloodstained altar of Trog.
  5237 | D:4      | Found a radiant altar of Vehumet.
  5237 | D:4      | Found a white marble altar of Elyvilon.
  5245 | D:4      | Found a glowing golden altar of the Shining One.
  5245 | D:4      | Found a sparkling altar of Nemelex Xobeh.
  5397 | D:4      | Found a shimmering altar of Xom.
  5948 | D:5      | Entered Level 5 of the Dungeon
  6101 | D:4      | Reached skill level 8 in Maces & Flails
  6558 | D:5      | Reached skill level 9 in Maces & Flails
  6558 | D:5      | Reached XP level 8. HP: 76/92 MP: 13/13
  6830 | D:5      | Reached skill level 10 in Maces & Flails
  6900 | D:5      | Found a shadowy altar of Dithmenos.
  8049 | D:7      | Reached skill level 11 in Maces & Flails
  8052 | D:7      | Reached XP level 9. HP: 100/106 MP: 6/14
  8390 | D:7      | Noticed abeheron's ghost (novice SpEn)
  8421 | D:7      | Killed abeheron's ghost
  8421 | D:7      | Reached skill level 12 in Maces & Flails
  8733 | D:7      | Found a staircase to the Ecumenical Temple.
  8762 | Temple   | Entered the Ecumenical Temple
  9111 | D:7      | Identified a +0 rod of shadows (12/12) (You found it on level 7 of the Dungeon)
  9251 | D:8      | Reached skill level 1 in Evocations
  9482 | D:8      | Reached skill level 13 in Maces & Flails
  9489 | D:8      | Found a staircase to the Lair.
  9693 | D:8      | Noticed Joseph
  9710 | D:8      | Killed Joseph
  9710 | D:8      | Reached skill level 10 in Fighting
  9710 | D:8      | Reached XP level 10. HP: 55/121 MP: 15/15
 10297 | D:8      | Reached skill level 14 in Maces & Flails
 11699 | D:8      | Reached skill level 15 in Maces & Flails
 12219 | D:9      | Reached XP level 11. HP: 76/132 MP: 13/16
 12345 | D:9      | Found an iron altar of Okawaru.
 12353 | D:9      | Became a worshipper of Warmaster Okawaru
 12424 | D:9      | Found a stormy altar of Qazlal.
 12458 | D:9      | Noticed a hill giant
 12472 | D:9      | Killed a hill giant
 12504 | D:9      | HP: 6/132 [poisoned by a killer bee]
 12504 | D:9      | HP: 2/132 [killer bee (4)]
 12509 | D:9      | HP: 3/132 [poisoned by a killer bee]
 13257 | D:9      | Gained mutation: Your flesh is cold resistant. [potion of beneficial mutation]
 13289 | D:9      | Found Lapsul's Assorted Antiques.
 13293 | D:9      | Bought a potion of curing for 75 gold pieces
 13293 | D:9      | Bought a potion of heal wounds for 125 gold pieces
 13516 | D:9      | Noticed Gastronok
 13532 | D:9      | Killed Gastronok
 13532 | D:9      | Reached * piety under Okawaru
 13532 | D:9      | Reached skill level 16 in Maces & Flails
 13532 | D:9      | Reached skill level 5 in Evocations
 13611 | D:10     | Entered Level 10 of the Dungeon
 13611 | D:10     | Noticed Snorg
 13621 | D:10     | HP: 6/135 [Snorg (17)]
 13621 | D:10     | Mangled by Snorg

Action                   |  1- 3 |  4- 6 |  7- 9 | 10-12 || total
-------------------------+-------+-------+-------+-------++-------
Melee: Short sword       |     7 |       |       |       ||     7
       Whip              |    94 |   324 |   172 |       ||   590
       Unarmed           |     5 |       |       |       ||     5
       Giant club        |       |       |   282 |   237 ||   519
       Mace              |       |       |    10 |       ||    10
       Giant spiked club |       |       |       |    46 ||    46
 Cast: Magic Dart        |    21 |     3 |       |       ||    24
       Call Imp          |     4 |     4 |       |     8 ||    16
       Mephitic Cloud    |     1 |    23 |     9 |     8 ||    41
       Blink             |     1 |       |       |     2 ||     3
Evoke: Rod               |       |       |     5 |     4 ||     9
       Wand              |       |       |     3 |     4 ||     7
  Use: Potion            |     1 |    10 |     4 |    10 ||    25
       Scroll            |       |     8 |    12 |     6 ||    26
 Stab: Confused          |       |    10 |     8 |     2 ||    20
       Sleeping          |       |     1 |     2 |       ||     3
       Invisible         |       |     1 |       |     3 ||     4
       Distracted        |       |       |     1 |       ||     1
  Eat: Chunk             |     3 |    11 |     7 |     4 ||    25
       Beef jerky        |       |     1 |     1 |       ||     2
       Meat ration       |       |       |     3 |     3 ||     6
       Royal jelly       |       |       |     1 |       ||     1
       Fruit             |       |       |       |     1 ||     1
